 Dungeon Crawl Stone Soup version 0.30-a0-711-gf4ac18a38d (webtiles) character file.

Game seed: 12219382746077293881

630 bande the Chopper (level 7, 0/44 HPs)
             Began as a Gargoyle Fighter on Jan 22, 2023.
             Slain by a wight
             ... wielding a +4 dagger
              (6 damage)
             ... on level 5 of the Dungeon.
             The game lasted 00:08:49 (4990 turns).

bande the Chopper (Gargoyle Fighter)                Turns: 4990, Time: 00:08:49

Health: 0/44       AC: 13    Str: 20    XL:     7   Next: 48%
Magic:  7/7        EV:  9    Int:  8    God:
Gold:   141        SH: 10    Dex: 11    Spells: 6/6 levels left

rFire   . . .      SeeInvis .    a - +1 war axe
rCold   . . .      Faith    .    c - +0 buckler
rNeg    + . .      Spirit   .    b - +0 scale mail
rPois   ∞          Reflect  +    q - +0 helmet
rElec   +          Harm     .    (no cloak)
rCorr   .          Rampage  .    (no gloves)
Will    .....                    (no boots) Stlth
                                 j - amulet of reflection
HPRegen 0.27/turn                t - ring of flight
MPRegen 0.10/turn                (no ring)

@: flying
A: sickness immunity, AC +4, negative energy resistance 1, electricity
resistance, torment resistance 1, petrification resistance
a: no special abilities


You were on level 5 of the Dungeon.
You visited 1 branch of the dungeon, and saw 5 of its levels.

You collected 303 gold pieces.
You spent 162 gold pieces at shops.

Inventory:

Hand Weapons
 a - a +1 war axe (weapon)
 u - a +2 flail of venom
Armour
 b - a +0 scale mail (worn)
 c - a +0 buckler (worn)
 q - a +0 helmet (worn)
Jewellery
 j - an amulet of reflection (around neck)
 s - a ring of fire
 t - a ring of flight (left hand)
Scrolls
 e - a scroll of magic mapping
 g - 2 scrolls of summoning
 h - 2 scrolls of teleportation
 m - a scroll of blinking
Potions
 d - a potion of might
 f - a potion of brilliance {unknown}
 i - a potion of attraction {unknown}
 k - a potion of invisibility {unknown}
 l - a potion of cancellation {unknown}
 n - 4 potions of curing
 o - a potion of flight {unknown}
 p - a potion of heal wounds {unknown}
 r - 2 potions of resistance


   Skills:
 + Level 4.7 Fighting
 + Level 5.1 Axes
 + Level 5.0 Armour
 + Level 4.8 Shields


You had 6 spell levels left.
You didn't know any spells.
Your spell library was empty.

Dungeon Overview and Level Annotations

Branches:
Dungeon (5/15)
 Temple: D:4-7

Altars:

Shops:
D:4 *


Innate Abilities, Weirdness & Mutations

You are immune to sickness and miasma.
Your stone body is resilient. (AC +4)
You are immune to poison.
You resist negative energy. (rN+)
You are resistant to electric shocks. (rElec)
You are resistant to unholy torment.
You are immune to petrification.


Message History

You closely miss the wight.
The wight is almost destroyed.
You hit the wight but do no damage. The wight hits you but does no damage.
You block the wight's attack. The wight barely misses you.
You closely miss the wight.
The wight is almost destroyed.
You barely miss the wight.
The wight hits you with a +0 heavy flail!
The wight hits you with a +3 falchion.
You barely miss the wight.
The wight is almost destroyed.
You closely miss the wight. The wight hits you with a +3 falchion!
You block the wight's attack.
You are too injured to fight recklessly!
You are too injured to fight recklessly!
You are too injured to fight recklessly!
You are too injured to fight recklessly!
You are too injured to fight recklessly!
You are too injured to fight recklessly!
You are too injured to fight recklessly!
You are too injured to fight recklessly!
You are too injured to fight recklessly!
The wight attacks as you move away! The wight hits you but does no damage.
The wight attacks as you move away! The wight hits you with a +3 falchion.
* * * LOW HITPOINT WARNING * * *
The wight hits you but does no damage. The wight attacks as you move away!
The wight hits you with a +3 falchion.
* * * LOW HITPOINT WARNING * * *
The wight hits you but does no damage. The wight attacks as you move away!
You block the wight's attack. The wight attacks as you move away!
The wight hits you with a +3 falchion.
* * * LOW HITPOINT WARNING * * *
The quokka bites you but does no damage.
The quokka attacks as you move away!
The quokka bites you but does no damage.
The quokka attacks as you move away! The quokka closely misses you.
The quokka barely misses you. The wight attacks as you move away!
You block the wight's attack. The wight hits you with a +4 dagger.
You die...

#.....>...#.......#
#.........#.......#
#.[.......#.......#
#.........#.......#
#.........#.......#
#>........'.......#
#####.........#.......#
###...###.......#.......#
........#.....@.+.......#
........#....z..#.......#
........#....zrz#...)...#
#######'#.....z.#+###+###
......................
......................
......................
......................
......................


You could see 4 wights and a quokka.

Vanquished Creatures
  A wyvern (D:4)
  2 water moccasins (D:4)
  A gnoll bouda (D:4)
  A hound (D:3)
  An iguana (D:5)
  Robin (D:3)
  4 gnolls (D:4)
  5 adders
  3 worms
  A dart slug (D:4)
  An orc (D:3)
  3 ball pythons
  3 bats
  8 endoplasms
  2 giant cockroaches
  10 hobgoblins
  3 jackals (D:1)
  4 quokkas
  7 frilled lizards
  11 goblins
  16 kobolds
  6 rats
94 creatures vanquished.

Notes
Turn   | Place    | Note
-------+----------+-------------------------------------------
     0 | D:1      | bande the Gargoyle Fighter began the quest for the Orb.
     0 | D:1      | Reached XP level 1. HP: 14/14 MP: 1/1
   287 | D:1      | Reached XP level 2. HP: 19/19 MP: 2/2
   578 | D:1      | Reached XP level 3. HP: 23/23 MP: 3/3
  1563 | D:2      | Found a faded altar of an unknown god.
  2103 | D:3      | Reached XP level 4. HP: 29/29 MP: 4/4
  2235 | D:3      | Noticed Robin
  2254 | D:3      | Killed Robin
  2255 | D:3      | Reached XP level 5. HP: 7/33 MP: 5/5
  2986 | D:4      | Noticed a wyvern
  2999 | D:4      | Killed a wyvern
  3000 | D:4      | Reached XP level 6. HP: 7/38 MP: 6/6
  3519 | D:4      | Found Zupn's Serpentskin Sales.
  3519 | D:4      | Noticed a water moccasin
  3519 | D:4      | Noticed a water moccasin
  3533 | D:4      | Killed a water moccasin
  3540 | D:4      | Killed a water moccasin
  3541 | D:4      | Reached XP level 7. HP: 14/44 MP: 7/7
  3751 | D:4      | Bought a +2 flail of venom for 162 gold pieces
  3986 | D:4      | Reached skill level 5 in Axes
  4001 | D:4      | Reached skill level 5 in Armour
  4536 | D:5      | Entered Level 5 of the Dungeon
  4990 | D:5      | Slain by a wight

Illustrated notes

Levels and vault maps discovered:
D:1:      dpeg_arrival_shelter, layout_loops_ring
D:2:      layout_basic, shapermc_ecumenical_altar_flowoftime
D:3:      layout_rooms, uniq_robin
D:4:      layout_loops_corners, guppyfry_shop_venom
D:5:      layout_gridville, nicolae_vehumet_radiance, lemuel_round_altar,
          uniq_menkaure

Skill      XL: |  1  2  3  4  5  6  7 |
---------------+----------------------+-----
Axes           | 2 3 4 5 |  5.1
Armour         | 4 5 |  5.0
Fighting       | 4 |  4.7
Shields        | 4 |  4.8

Action                     |  1- 3 |  4- 6 |  7- 9 || total
---------------------------+-------+-------+-------++-------
  Melee: War axe           |   159 |    89 |    69 ||   317
    Use: Scroll            |       |     4 |     4 ||     8
 Armour: Scale mail        |    71 |    73 |    28 ||   172
  Dodge: Dodged            |    64 |    55 |    23 ||   142
  Block: Buckler           |    54 |    57 |    39 ||   150
         Reflection        |     2 |     1 |       ||     3

Table legend: (Time is in decaauts)
 A = Elapsed time spent in this place.
 B = Non-inter-level travel time spent in this place.
 C = Inter-level travel time spent in this place.
 D = Time resting spent in this place.
 E = Time spent auto-exploring this place.
 F = Levels seen in this place.
 G = Mean time per level.
                   A        B        C        D        E       F      G
               +--------+--------+--------+--------+--------+-----+--------+
         Total |   5107 |   5010 |     97 |   1643 |   2549 |   5 | 1021.4 |
       Dungeon |   5107 |   5010 |     97 |   1643 |   2549 |   5 | 1021.4 |
               +--------+--------+--------+--------+--------+-----+--------+

Top non-repeatable levels by time:
     D:4: 1774 daAuts
     D:1: 1059 daAuts
     D:2: 1040 daAuts
     D:3: 776 daAuts
     D:5: 457 daAuts
